 Dungeon Crawl Stone Soup version 0.29-a0-1043-g569b05d6ff (webtiles) character file.

Game seed: 9104913744205695572

62232 RepoMan the Brawler (level 14, -4/214 HPs)
             Began as a Troll Earth Elementalist on Aug 16, 2022.
             Was the Champion of Wu Jian.
             Slain by Saint Roka
             ... wielding a +1 battleaxe of venom
              (11 damage)
             ... on level 2 of the Orcish Mines.
             The game lasted 02:10:38 (17340 turns).

RepoMan the Brawler (Troll Earth Elementalist)     Turns: 17340, Time: 02:10:39

Health: -4/214     AC: 27    Str: 21    XL:     14   Next: 63%
Magic:  16/16      EV:  1    Int: 13    God:    Wu Jian [******]
Gold:   1185       SH:  0    Dex: 10    Spells: 8/17 levels left

rFire   . . .      SeeInvis .     - Unarmed
rCold   + . .      Faith    .   (no shield)
rNeg    . . .      Spirit   .   (body armour currently unavailable)
rPois   +          Reflect  .   (helmet currently unavailable)
rElec   .          Harm     .   (cloak currently unavailable)
rCorr   .          Rampage  .   (gloves unavailable)
Will    +....      NoTele   +   (boots unavailable)
Stlth   ..........              f - amulet of the acrobat
HPRegen 1.25/turn               k - ring of protection from cold
MPRegen 0.15/turn               C - +4 ring of evasion

@: mighty, lethally poisoned (-4 -> -6), tree-form, silenced
A: stationary, stasis, torment immunity, boosted hp, large, unfitting armour,
(claws 3), regeneration 1, (shaggy fur 1), (tough skin 1)
a: Renounce Religion, Wall Jump


You were on level 2 of the Orcish Mines.
You worshipped Wu Jian.
Wu Jian was exalted by your worship.
You were a tree.
You visited 4 branches of the dungeon, and saw 19 of its levels.

You collected 1387 gold pieces.
You spent 202 gold pieces at shops.

Inventory:

Missiles
 j - 47 poisoned darts
 n - a large rock
 o - 4 atropa-tipped darts
 B - 2 javelins
 O - 6 silver javelins
 S - a curare-tipped dart
Armour
 x - an orb of light
 F - a +0 troll leather armour (melded)
 T - a +2 robe of the Archmagi
 U - a +2 robe of cold resistance
Jewellery
 c - a ring of flight
 f - an amulet of the acrobat (around neck)
 k - a ring of protection from cold (left branch)
 q - the amulet of Liajucuv {RegenMP +Inv rC- Dex+8}
   (You took it off an orc wizard on level 4 of the Dungeon)

   [amulet of magic regeneration]

   It increases your rate of magic regeneration.
   Dex:       It affects your dexterity (+8).
   rC:        It makes you vulnerable to cold.
   +Inv:      It lets you turn invisible.
 s - an amulet of guardian spirit
 C - a +4 ring of evasion (right branch)
 J - the ring "Setewkuw" {rF+ Int+2}
   (You found it on level 2 of the Lair of Beasts)

   [ring of protection from fire]

   Int:       It affects your intelligence (+2).
   rF:        It protects you from fire.
 N - a ring of protection from fire
Wands
 I - a wand of polymorph (1)
 M - a wand of roots (1)
Scrolls
 a - a scroll of amnesia {unknown}
 d - a scroll of silence
 g - 3 scrolls of magic mapping
 h - a scroll of poison {unknown}
 m - 10 scrolls of teleportation
 u - a scroll of immolation
 w - 2 scrolls of vulnerability
 y - 3 scrolls of butterflies {unknown}
 E - 2 scrolls of enchant weapon {unknown}
 H - a scroll of brand weapon {unknown}
 K - a scroll of noise {unknown}
Potions
 b - a potion of magic
 i - 4 potions of attraction
 l - 3 potions of mutation
 p - 3 potions of brilliance
 r - 3 potions of flight
 t - a potion of heal wounds {unknown}
 v - 2 potions of lignification
 z - a potion of haste
 A - 2 potions of resistance
 D - 3 potions of might
 G - 10 potions of ambrosia
 L - a potion of invisibility {unknown}
 P - a potion of cancellation {unknown}
Miscellaneous
 Q - a lightning rod (1/4)
 R - a phial of floods (inert)


   Skills:
 + Level 10.1 Fighting
 + Level 4.7 Dodging
 - Level 1.0 Stealth
 * Level 18.9 Unarmed Combat
 - Level 2.2 Spellcasting
 - Level 2.2 Transmutations
 + Level 11.0 Earth Magic


You had 8 spell levels left.
You knew the following spells:

 Your Spells              Type           Power      Damage    Failure   Level
a - Stone Arrow           Conj/Erth      30%        3d8       8%          3
b - Blink                 Tloc           2%         N/A       36%         2
s - Sting                 Tmut/Pois      16%        1d3       16%         1
w - Passwall              Tmut/Erth      15%        N/A       2%          2
z - Sandblast             Erth           60%        2d14      1%          1

Your spell library contained the following spells:

 Spells                   Type           Power      Damage    Failure   Level
 Petrify                  Tmut/Erth      18%        N/A       16%         4
 Shock                    Conj/Air       4%         1d3       26%         1
 Animate Armour           Summ/Erth      30%        N/A       26%         4
 Ensorcelled Hibernation  Hex/Ice        2%         N/A       36%         2
 Poisonous Vapours        Pois/Air       2%         N/A       36%         2
 Spider Form              Tmut/Pois      4%         N/A       43%         3
 Borgnjor's Vile Clutch   Necr/Erth      7%         N/A       56%         5
 Inner Flame              Hex/Fire       1%         N/A       58%         3
 Lesser Beckoning         Tloc           1%         N/A       58%         3
 Ozocubu's Armour         Ice            1%         N/A       58%         3
 Swiftness                Air            1%         N/A       58%         3
 Ice Form                 Ice/Tmut       4%         N/A       85%         4
 Airstrike                Air            0%         2d(1-17)  94%         4
 Anguish                  Hex/Necr       0%         N/A       94%         4
 Cause Fear               Hex            0%         N/A       94%         4
 Hailstorm                Conj/Ice       1%         3d3       94%         4
 Olgreb's Toxic Radiance  Pois           1%         N/A       94%         4
 Alistair's Intoxication  Tmut/Pois      2%         N/A       99%         5
 Manifold Assault         Tloc           1%         N/A       100%        5
 Metabolic Englaciation   Hex/Ice        0%         N/A       100%        5
 Summon Forest            Summ/Tloc      0%         N/A       100%        5
 Eringya's Noxious Bog    Tmut/Pois      2%         N/A       100%        6
 Simulacrum               Ice/Necr       0%         N/A       100%        6
 Discord                  Hex            0%         N/A       100%        8
 Lehudib's Crystal Spear  Conj/Erth      7%         10d3      100%        8


Dungeon Overview and Level Annotations

Branches:
Dungeon (11/15)            Temple (1/1) D:7            Lair (5/5) D:10
  Swamp (0/4) Lair:2        Snake (0/4) Lair:3        Slime (0/5) Lair:4
    Orc (2/2) D:11            Elf (0/3) Orc:2

Altars:
Ashenzari
Cheibriados
Dithmenos
Elyvilon
Fedhas
Gozag
Hepliaklqana
Kikubaaqudgha
Makhleb
Nemelex Xobeh
Okawaru
Qazlal
Ru
Sif Muna
Trog
Uskayaw
Vehumet
Wu Jian
Xom
Yredelemnul
Zin
The Shining One
Jiyva

Shops:
D:1 :   D:7 ?   D:8 :   D:11 (   Orc:2 *=(

Annotations:
D:6 2 transporters, anet's ghost, novice MiBe
D:8 exclusion: two-headed ogre
Lair:1 2 transporters
Lair:4 2 transporters
Orc:2 Saint Roka


Innate Abilities, Weirdness & Mutations

You are a tree.
Your roots penetrate the ground, keeping you stationary.
You cannot be teleported.
You are immune to unholy pain and torment.
Your maximum health is greatly increased.
Your equipment is partially melded.
You are too large for most types of armour.
((You have claws for hands.))
Your natural rate of healing is unusually fast.
((You are covered in fur. (AC +1)))
((You have tough skin. (AC +1)))


Message History

Saint Roka hits you with a +1 battleaxe of venom.
Unknown command.
You thrash Saint Roka!!!
Saint Roka is severely wounded.
The orc warrior hits you but does no damage. x2
Saint Roka hits you with a +1 battleaxe of venom!
Unknown command.
You pummel Saint Roka!!
Saint Roka is almost dead.
Unknown command.
You smack Saint Roka!
You punch Saint Roka.
Saint Roka is almost dead.
The orc warrior hits you with a +0 hand axe!
* * * LOW HITPOINT WARNING * * *
The orc warrior hits you but does no damage.
Saint Roka hits you with a +1 battleaxe of venom!!
* * * LOW HITPOINT WARNING * * *
Unknown command.
You hit Saint Roka.
Saint Roka is almost dead.
The orc warrior hits you but does no damage. x3
The orc warrior hits you from afar with a +0 glaive.
* * * LOW HITPOINT WARNING * * *
Saint Roka hits you but does no damage.
You are poisoned.
Unknown command.
It was a potion of might.
You feel very mighty all of a sudden.
You feel very sick.
The orc warrior hits you but does no damage.
The orc warrior hits you from afar with a +0 glaive.
* * * LOW HITPOINT WARNING * * *
The orc warrior hits you but does no damage.
The orc priest mumbles some strange prayers to Beogh against you.
Beogh smites you!
* * * LOW HITPOINT WARNING * * *
The orc warrior hits you from afar with a +0 glaive.
* * * LOW HITPOINT WARNING * * *
Saint Roka hits you with a +1 battleaxe of venom!
You die...

......P #.........
###..P......
##.#.P.......
.....8..∩...
#o.........P
##oo.o.o..P.P
#♣oo#........
##o.#)oo..o..
#.))#o.....#
##.#...###.##
#.).#...#...#
##..##)..#
##....)...#.#
#.....)...........
#....#.#....#.....


You could see Saint Roka, 5 orc warriors, an orc priest and an orc.

Vanquished Creatures
  An orc warlord (Orc:1)
  3 hydras
  Fannar (D:11)
  A catoblepas (Lair:4)
  Urug (D:10)
  10 death yaks
  3 orc high priests (Orc:2)
  A goliath frog (Lair:5)
  A necromancer (Lair:3)
  A wizard (D:9)
  8 orc knights
  3 orc sorcerers (Orc:2)
  A deep elf pyromancer (D:10)
  An ugly thing (D:10)
  8 elephants
  3 black mambas
  22 cane toads
  A torpor snail (Lair:2)
  An unseen horror (D:11)
  5 rime drakes
  6 komodo dragons
  3 trolls
  A queen bee (Lair:3)
  5 polar bears (Lair:5)
  A raiju (shapeshifter) (D:10)
  3 tyrant leeches (Lair:5)
  A hornet (Lair:1)
  27 blink frogs
  Sigmund (D:2)
  3 slime creatures
  A wraith (D:11)
  4 shadows
  44 yaks
  6 wyverns
  2 basilisks
  Grum (D:8)
  5 vampire mosquitoes (Lair:5)
  A redback (Orc:2)
  3 wargs
  23 water moccasins
  3 nagas (Lair:3)
  An acid dragon (D:9)
  A swamp drake (Lair:5)
  35 orc warriors
  2 black bears
  3 ogres
  9 wolves
  A phantom (D:5)
  5 centaurs (D:11)
  18 bullfrogs
  3 kobold brigands
  A gnoll sergeant (D:10)
  A wight (D:8)
  28 killer bees
  4 vampire bats (Lair:3)
  2 howler monkeys (D:10)
  14 orc priests
  2 hounds
  6 jellies
  2 iguanas (D:6)
  23 orc wizards
  3 yak simulacra (Lair:3)
  4 polar bear simulacra (Lair:3)
  A wolf simulacrum (Lair:3)
  4 gnolls (D:10)
  6 adders
  3 shadow imps
  An ufetubus (D:7)
  2 dart slugs
  68 orcs
  8 bats
  7 endoplasms
  2 giant cockroaches
  7 goblins
  4 hobgoblins
  21 kobolds
  2 quokkas (D:3)
  10 ball pythons
  3 frilled lizards
  4 rats
  3 river rat simulacra (Lair:3)
544 creatures vanquished.

Vanquished Creatures (others)
  13 bushes (Lair:4)
  35 fungi
  88 plants
136 creatures vanquished.

Grand Total: 680 creatures vanquished

Notes
Turn   | Place    | Note
-------+----------+-------------------------------------------
     0 | D:1      | RepoMan the Troll Earth Elementalist began the quest for
                  | the Orb.
     0 | D:1      | Reached XP level 1. HP: 16/16 MP: 1/1
    99 | D:1      | Found Geptoidu's Book Shop.
   146 | D:1      | Reached skill level 1 in Unarmed Combat
   232 | D:1      | Reached XP level 2. HP: 23/24 MP: 0/2
   765 | D:1      | Reached skill level 2 in Unarmed Combat
  1036 | D:2      | Learned a level 2 spell: Passwall
  1236 | D:2      | Noticed Sigmund
  1430 | D:2      | Reached XP level 3. HP: 30/31 MP: 1/3
  2539 | D:4      | Reached skill level 3 in Unarmed Combat
  2539 | D:4      | Reached XP level 4. HP: 39/39 MP: 2/4
  2875 | D:4      | Identified the amulet of Liajucuv {RegenMP +Inv rC- Dex+8}
  2885 | D:4      | Reached XP level 5. HP: 23/45 MP: 3/5
  3129 | D:4      | Identified the +0 leather armour "Xuitum" {rC++ Str-5
                  | Slay+5 Stlth+}
  3272 | D:4      | Reached skill level 4 in Unarmed Combat
  3587 | D:5      | Entered Level 5 of the Dungeon
  3665 | D:5      | Found a shadowy altar of Dithmenos.
  3668 | D:5      | Found a basalt altar of Yredelemnul.
  3671 | D:5      | Found a hazy altar of Hepliaklqana.
  3684 | D:5      | Found a broken altar of Ashenzari.
  3700 | D:5      | Noticed a phantom
  3706 | D:5      | Killed a phantom
  3707 | D:5      | Reached skill level 1 in Fighting
  3707 | D:5      | Reached XP level 6. HP: 55/55 MP: 6/6
  3787 | D:5      | Reached skill level 5 in Unarmed Combat
  3969 | D:5      | Found a hide-covered altar of Uskayaw.
  4263 | D:6      | Noticed an orc warrior
  4275 | D:5      | Reached XP level 7. HP: 61/63 MP: 7/7
  4295 | D:6      | Noticed anet's ghost (novice MiBe)
  4606 | D:6      | Reached skill level 6 in Unarmed Combat
  4711 | D:6      | Found a transporter.
  4740 | D:6      | Found a transporter.
  4746 | D:6      | Reached skill level 5 in Earth Magic
  4828 | D:6      | Reached XP level 8. HP: 45/75 MP: 8/8
  5035 | D:6      | Learned a level 1 spell: Sting
  5068 | D:6      | Reached skill level 7 in Unarmed Combat
  5068 | D:6      | Reached skill level 1 in Transmutations
  5180 | D:7      | Found Zumo's Magic Scroll Boutique.
  5194 | D:7      | Bought a scroll of blinking for 112 gold pieces
  5194 | D:7      | Bought a scroll of fear for 60 gold pieces
  5194 | D:7      | Bought a scroll of identify for 30 gold pieces
  5489 | D:7      | Found a staircase to the Ecumenical Temple.
  5498 | Temple   | Entered the Ecumenical Temple
  5581 | Temple   | Became a worshipper of the Wu Jian Council
  6133 | D:8      | Noticed Grum
  6154 | D:8      | Killed Grum
  6162 | D:8      | Reached skill level 8 in Unarmed Combat
  6238 | D:8      | Found Asoax's Book Boutique.
  6358 | D:8      | Reached XP level 9. HP: 84/84 MP: 7/9
  6896 | D:8      | Noticed a two-headed ogre
  6988 | D:9      | Noticed a wizard
  6993 | D:9      | Killed a wizard
  6993 | D:9      | Reached * piety under Wu Jian
  6994 | D:9      | Reached skill level 9 in Unarmed Combat
  7150 | D:8      | Reached skill level 5 in Fighting
  7279 | D:9      | Reached skill level 10 in Unarmed Combat
  7444 | D:9      | Found a white marble altar of Elyvilon.
  7446 | D:9      | Found a shimmering altar of Xom.
  7446 | D:9      | Found a shimmering altar of Xom.
  7448 | D:9      | Found an iron altar of Okawaru.
  7448 | D:9      | Found a burning altar of Makhleb.
  7448 | D:9      | Found a broken altar of Ashenzari.
  7608 | D:9      | Reached XP level 10. HP: 67/96 MP: 5/10
  8091 | D:10     | Entered Level 10 of the Dungeon
  8307 | D:10     | Reached skill level 11 in Unarmed Combat
  8391 | D:10     | Noticed a deep elf pyromancer
  8398 | D:10     | Killed a deep elf pyromancer
  8427 | D:10     | Reached ** piety under Wu Jian
  8459 | D:10     | Found a staircase to the Lair.
  8600 | D:10     | Reached skill level 12 in Unarmed Combat
  8717 | D:10     | Noticed Urug
  8958 | D:2      | Killed Sigmund
  9523 | Lair:1   | Entered Level 1 of the Lair of Beasts
  9523 | Lair:1   | Noticed an elephant
  9524 | Lair:1   | Noticed an elephant
  9525 | Lair:1   | Noticed an elephant
  9641 | Lair:1   | Reached XP level 11. HP: 64/109 MP: 11/11
  9852 | Lair:1   | Found a transporter.
  9855 | Lair:1   | Found a transporter.
  9856 | Lair:1   | Noticed a boulder beetle
  9893 | Lair:1   | Reached skill level 13 in Unarmed Combat
 10151 | Lair:1   | Noticed a boulder beetle
 10365 | Lair:2   | Found a staircase to the Swamp.
 10374 | Lair:1   | Reached *** piety under Wu Jian
 10413 | Lair:2   | Reached skill level 14 in Unarmed Combat
 10483 | Lair:2   | Noticed a six-headed hydra
 10498 | Lair:2   | Killed a nine-headed hydra
 10642 | Lair:2   | Identified the ring "Setewkuw" {rF+ Int+2}
 10754 | Lair:2   | Reached XP level 12. HP: 102/122 MP: 14/14
 11077 | Lair:2   | Reached **** piety under Wu Jian
 11165 | Lair:2   | Reached skill level 15 in Unarmed Combat
 11405 | Lair:2   | Noticed a five-headed hydra
 11409 | Lair:2   | Killed an eight-headed hydra
 11852 | Lair:3   | Found a staircase to the Snake Pit.
 12387 | Lair:3   | Reached skill level 16 in Unarmed Combat
 12473 | Lair:3   | Reached ***** piety under Wu Jian
 12640 | Lair:3   | Noticed a death yak
 12646 | Lair:3   | Noticed a death yak
 12649 | Lair:3   | Killed a death yak
 12649 | Lair:3   | Noticed a death yak
 12663 | Lair:3   | Killed a death yak
 12663 | Lair:3   | Noticed a death yak
 12668 | Lair:3   | Killed a death yak
 12669 | Lair:3   | Reached XP level 13. HP: 99/131 MP: 15/15
 12986 | Lair:4   | You fall into a shaft and drop 1 floor!
 12986 | Lair:5   | Entered Level 5 of the Lair of Beasts
 13325 | Lair:5   | Reached skill level 17 in Unarmed Combat
 13426 | Lair:4   | Found a transporter.
 13498 | Lair:4   | Found a viscous altar of Jiyva.
 13499 | Lair:4   | Found a staircase to the Slime Pits.
 14022 | Lair:4   | Found a transporter.
 14275 | Lair:5   | Reached skill level 10 in Earth Magic
 14538 | Lair:5   | Identified the +5 battleaxe of Proximity {speed, rPois rC++
                  | Dex-4}
 14842 | Lair:5   | Reached skill level 18 in Unarmed Combat
 14869 | Lair:5   | Reached XP level 14. HP: 98/141 MP: 16/16
 14952 | Lair:5   | Got the Handbook of Collective Rime
 15378 | Lair:5   | Learned a level 3 spell: Stone Arrow
 15871 | D:10     | Learned a level 2 spell: Blink
 16013 | D:10     | Killed Urug
 16346 | D:11     | Found a staircase to the Orcish Mines.
 16346 | D:11     | Found Jyucu's Weapon Emporium.
 16411 | D:11     | Noticed Fannar
 16423 | D:11     | Killed Fannar
 16694 | Orc:1    | Entered Level 1 of the Orcish Mines
 16706 | Orc:1    | Reached ****** piety under Wu Jian
 16906 | Orc:2    | Entered Level 2 of the Orcish Mines
 17022 | Orc:2    | Noticed Nessos
 17024 | Orc:2    | Noticed Nessos
 17024 | Orc:2    | Nessos changed into Nessos the redback
 17028 | Orc:2    | Killed Nessos the redback
 17047 | Orc:2    | Noticed an orc warlord
 17070 | Orc:1    | Killed an orc warlord
 17132 | Orc:2    | Reached skill level 10 in Fighting
 17172 | Orc:2    | Found a staircase to the Elven Halls.
 17187 | Orc:2    | Found Etaceg's Antique Weapon Shop.
 17207 | Orc:2    | Found Gygruot's Jewellery Emporium.
 17250 | Orc:2    | Paralysed by an orc sorcerer for 3 turns
 17289 | Orc:2    | Found Kemir's General Store.
 17313 | Orc:2    | Noticed Saint Roka
 17340 | Orc:2    | HP: 7/214 [orc warrior/+0 glaive[Saint Roka] (6)]
 17340 | Orc:2    | Slain by Saint Roka

Illustrated notes

Levels and vault maps discovered:
D:1:      tarquinn_simple_flora_water_d, layout_basic, serial_shops,
          nicolae_shop_temple_entry_statues_fountains, minmay_crystal_water,
          nicolae_titane
D:2:      layout_loops_ring, serial_glass, glass_columns_c, glass_columns_c,
          glass_columns_c, uniq_sigmund
D:3:      layout_loops_ring
D:4:      layout_basic
D:5:      layout_loops_ring, grunt_temple_overflow_cloverleaf,
          mainiacjoe_overflow_six_doors_small, dk_vineyard_3
D:6:      layout_basic, gammafunk_ghost_stat_death
D:7:      layout_gridville, minmay_temple_entry_statues_pillars,
          minmay_misc_feat_alley, nicolae_stop_n_shop_2
D:8:      minmay_chambers_of_fours, layout_loops_ring, serial_shops, shop,
          uniq_grum
D:9:      cheibrodos_wizards_tower, layout_loops_ring, doesnt_xom_only_xom,
          chequers_serial_rivers_micro_d, nicolae_underground_beach
D:10:     layout_loops_corners, erik_lair_orcish_takeover, kb_rosetta, uniq_urug
D:11:     layout_gridville, orc_david_3, uniq_fannar
Temple:   nicolae_temple_superstar
Lair:1:   gammafunk_boulding_lane, layout_regular_city, beast_lair_carwin_7
Lair:2:   layout_cave_pods, swamp_mist, nicolae_lair_lil_pond,
          grunt_megastairs_5
Lair:3:   layout_loops_ring, minmay_snake_entry_guardpost_small, special_room
          [special_room_bee], minivault_23, chequers_serial_rivers_micro_d,
          roderic_batcave, eino_house_with_fridge, grunt_megastairs_1
Lair:4:   gammafunk_worm_tunnel, layout_loops_ring, minmay_slime_entry_pillars,
          minivault_26, chequers_serial_rivers_small_3, minmay_hedge_maze
Lair:5:   minmay_lair_end_frog_pond, layout_layer_cave,
          chequers_serial_rivers_room_b, lemuel_old_faithful
Orc:1:    layout_diamond_mine, special_room [special_room_orc], uniq_erica
Orc:2:    grunt_orc_gardens, layout_caves, grunt_orc_garden, grunt_orc_garden,
          grunt_orc_garden, grunt_orc_garden, serial_shops, nicolae_shop_stone,
          uniq_saint_roka, uniq_nessos, uniq_snorg

Skill      XL: |  1  2  3  4  5  6  7  8  9 10 11 12 13 14 |
---------------+-------------------------------------------+-----
Unarmed Combat | 1 2 3 4 5 6 8 10 12 14 16 18 | 18.9
Earth Magic    | 3 4 5 6 7 8 10 11 | 11.0
Fighting       | 1 3 4 5 7 8 9 10 | 10.1
Transmutations | 2 |  2.2
Spellcasting   | 2 |  2.2
Dodging        | 2 4 |  4.7
Stealth        | |  1.0

Action                   |  1- 3 |  4- 6 |  7- 9 | 10-12 | 13-15 || total
-------------------------+-------+-------+-------+-------+-------++-------
Melee: Unarmed           |    72 |   109 |   228 |   644 |   662 ||  1715
       Punch             |       |     3 |     5 |    42 |    76 ||   126
Throw: Stone             |     2 |       |       |       |       ||     2
       Large rock        |     5 |     3 |    15 |    12 |     3 ||    38
       Throwing net      |     1 |       |     2 |       |       ||     3
       Dart              |       |       |     6 |    15 |     5 ||    26
       Javelin           |       |       |       |       |     1 ||     1
 Cast: Sandblast         |    35 |    16 |    30 |     5 |       ||    86
       Sting             |       |       |     6 |     3 |       ||     9
       Stone Arrow       |       |       |       |       |     3 ||     3
Invok: Lunge             |       |       |    11 |    67 |    85 ||   163
       Whirlwind         |       |       |     2 |    58 |    78 ||   138
       Serpent's Lash    |       |       |       |     2 |     7 ||     9
       Heavenly Storm    |       |       |       |       |     1 ||     1
 Abil: Wall Jump         |       |       |       |    22 |     4 ||    26
Evoke: Wand              |       |     5 |     6 |     1 |     5 ||    17
       Lightning rod     |       |       |       |       |     5 ||     5
       Phial of floods   |       |       |       |       |     1 ||     1
  Use: Potion            |       |     2 |     2 |     3 |     3 ||    10
       Scroll            |       |     1 |     8 |     4 |     8 ||    21
 Stab: Paralysed         |       |     4 |     8 |       |       ||    12
       Sleeping          |       |     1 |     3 |     2 |       ||     6
       Held in net/web   |       |       |     1 |       |       ||     1
       Invisible         |       |       |       |     2 |       ||     2
Armor: Robe              |    20 |    26 |    18 |    10 |       ||    74
       Troll leather arm |       |       |       |    75 |    69 ||   144
       Skin              |       |       |       |       |    10 ||    10
Dodge: Dodged            |    29 |    39 |   107 |   255 |   211 ||   641

Table legend: (Time is in decaauts)
 A = Elapsed time spent in this place.
 B = Non-inter-level travel time spent in this place.
 C = Inter-level travel time spent in this place.
 D = Time resting spent in this place.
 E = Time spent auto-exploring this place.
 F = Levels seen in this place.
 G = Mean time per level.
                   A        B        C        D        E       F      G
               +--------+--------+--------+--------+--------+-----+--------+
         Total |  17224 |  16112 |   1112 |   1199 |   8833 |  19 |  906.5 |
       Dungeon |  10685 |   9790 |    895 |    540 |   6541 |  11 |  971.4 |
        Temple |     92 |     92 |      0 |      0 |      0 |   1 |   92.0 |
          Lair |   5836 |   5619 |    217 |    571 |   2228 |   5 | 1167.2 |
  Orcish Mines |    609 |    609 |      0 |     88 |     64 |   2 |  304.5 |
               +--------+--------+--------+--------+--------+-----+--------+

Top non-repeatable levels by time:
  Lair:5: 1480 daAuts
    D:10: 1428 daAuts
  Lair:2: 1276 daAuts
  Lair:3: 1262 daAuts
     D:4: 1161 daAuts
     D:7: 1107 daAuts
     D:8: 1098 daAuts
     D:1: 997 daAuts
     D:9: 944 daAuts
  Lair:1: 929 daAuts
     D:6: 898 daAuts
  Lair:4: 888 daAuts
     D:3: 885 daAuts
     D:2: 823 daAuts
     D:5: 740 daAuts
